 Dungeon Crawl Stone Soup version 0.31.0-1-g2c135a008e (webtiles) character file.

Game seed: 7194711144538329250

66 qw the Shooter (level 4, -5/35 HPs)
             Began as a Djinni Hunter on Jan 23, 2024.
             Slain by an ogre
             ... wielding a +0 giant club
              (24 damage)
             ... on level 4 of the Dungeon.
             The game lasted 00:00:06 (1765 turns).

qw the Shooter (Djinni Hunter)                      Turns: 1765, Time: 00:00:06

Health: -5/35      AC:  5    Str: 10    XL:     4   Next: 37%
Gold:   147        EV: 11    Int: 11    God:
                   SH:  0    Dex: 18

rFire   + + .        a - +1 shortbow
rCold   x . .        (shield currently unavailable)
rNeg    . . .        j - +0 ring mail
rPois   inf          (no helmet)
rElec   .            (no cloak)
rCorr   .            (no gloves)
SInv    .            (boots unavailable)
Will    .....        (no amulet)
Stlth   +            (no ring)
HPRegen 0.25/turn    (no ring)
MPRegen 0.00/turn

%: infuse magic (-6 HP)
@: flying
A: sickness immunity, fire resistance 2, cold vulnerability 1, float, innate
caster, HP casting, extra vitality 1
a: no special abilities


You were on level 4 of the Dungeon.
You visited 1 branch of the dungeon, and saw 4 of its levels.

You collected 147 gold pieces.


Innate Abilities, Weirdness & Mutations

You are immune to sickness and miasma.
You are immune to poison.
Your flesh is very heat resistant. (rF++)
You are vulnerable to cold. (rC-)
You float through the air rather than walking.
You learn spells naturally, not from books.
Your magical power is your life essence.
You have superior vitality. (+4 MHP)


   Skills:
 - Level 3.0 Fighting
 + Level 4.0 Ranged Weapons
 - Level 1.0 Armour
 - Level 2.1 Dodging
 - Level 0.7 Stealth


You knew the following spells:

 Your Spells              Type           Power      Damage    Failure   Level
a - Slow                  Hex            0%         N/A       65%         1
Your spell library was empty.

Inventory:

Hand Weapons
 a - a +1 shortbow (weapon)
Armour
 j - a +0 ring mail (worn)
Wands
 d - a wand of flame (29)
Potions
 c - a potion of enlightenment
 e - a potion of resistance
 g - 2 potions of curing
 h - a potion of lignification {unknown}
 k - 2 potions of haste

Dungeon Overview and Level Annotations

Branches:
Dungeon (4/15)
 Temple: D:4-7

Altars:


Message History

You kill the rat!
You see here 5 stones.
You see here a +0 dagger.
Partly explored, can't reach some items.
Partly explored, can't reach some items.
1727 ||| READING 2 scrolls of identify.
1727 ||| IDENTIFYING green potion
As you read the scroll of identify, it crumbles to dust.
c - a potion of enlightenment Partly explored, can't reach some items.
1728 ||| READING scroll of identify.
1728 ||| IDENTIFYING silvery potion
As you read the scroll of identify, it crumbles to dust.
f - a potion of brilliance Partly explored, can't reach some items.
1729 ||| DRINKING 3 lumpy puce potions.
It was a potion of curing.
You feel better.
Partly explored, can't reach some items.
1730 ||| DROPPING potion of brilliance.
You drop a potion of brilliance.
Partly explored, can't reach some items.
What level of the Dungeon? (default 3, ? - help)
There is a stone staircase leading down here.
You fly downwards.
There is a stone staircase leading up here.
Waypoint 3 assigned to D:4.
An ogre comes into view. It is wielding a +0 giant club.
The ogre shouts!
You shoot an arrow. The arrow barely misses the ogre.
You shoot an arrow. The arrow hits the ogre.
The ogre is lightly wounded.
The ogre hits you with a +0 giant club!
You shoot an arrow. The arrow hits the ogre.
The ogre is lightly wounded.
The ogre closely misses you.
You shoot an arrow.
The arrow hits the ogre but does no damage.
The ogre is lightly wounded.
The ogre hits you with a +0 giant club!!
Ouch! That really hurt!
You die...

# .## ##
#.#####.#
#..
#.O......
#.# ##@#
#.###.##
#...##
##.##
#..# ##.#
#.# #.#
#####.#


You could see an ogre.

Vanquished Creatures
  2 adders (D:2)
  A dart slug (D:1)
  5 bats
  5 endoplasms
  3 giant cockroaches (D:1)
  2 goblins (D:1)
  4 hobgoblins
  3 jackals (D:1)
  A quokka (D:1)
  7 ball pythons
  5 frilled lizards
  4 kobolds
  3 rats
45 creatures vanquished.

Notes
Turn   | Place    | Note
-------+----------+-------------------------------------------
     0 | D:1      | qw the Djinni Hunter began the quest for the Orb.
     0 | D:1      | Reached XP level 1. HP: 18/18 MP: 0/0
     0 | D:1      | 0 ||| qw: Version: 0.3-a-136-gdd3b4e8
     0 | D:1      | 0 ||| qw: Game counter: 1167
     0 | D:1      | 0 ||| qw: Melee chars always use a shield: true
     0 | D:1      | 0 ||| qw: God list: Okawaru
     0 | D:1      | 0 ||| qw: Allow faded altars: false
     0 | D:1      | 0 ||| qw: Do Orc after clearing Dungeon:15 true
     0 | D:1      | 0 ||| qw: Do second Lair branch before Depths: true
     0 | D:1      | 0 ||| qw: Lair rune preference: random
     0 | D:1      | 0 ||| qw: Goals: Normal
     0 | D:1      | 0 ||| PLANNING D:1-11
   173 | D:1      | Reached XP level 2. HP: 23/23 MP: 0/0
   424 | D:1      | Reached skill level 4 in Ranged Weapons
   424 | D:1      | Reached XP level 3. HP: 28/28 MP: 0/0
   424 | D:1      | Learned a level 1 spell: Slow
   704 | D:1      | 704 ||| UPGRADING to +0 ring mail.
   714 | D:1      | 714 ||| DROPPING +0 leather armour.
   715 | D:1      | 715 ||| READING scroll labelled ITHROI OBRU.
   716 | D:1      | 716 ||| READING scroll labelled UCREDO FEGGO.
   716 | D:1      | 716 ||| IDENTIFYING smoky golden potion
   717 | D:1      | 717 ||| READING scroll labelled XANYDUESIA.
   718 | D:1      | 718 ||| READING scroll labelled OSUANL UREO.
   719 | D:1      | 719 ||| READING scroll labelled MUCSIH TYMOM.
   720 | D:1      | 720 ||| DRINKING 2 emerald potions.
   721 | D:1      | 721 ||| DRINKING 2 viscous clear potions.
   722 | D:1      | 722 ||| DROPPING scroll of butterflies.
   723 | D:1      | 723 ||| DROPPING potion of magic.
   822 | D:2      | Reached skill level 1 in Armour
   982 | D:2      | Reached XP level 4. HP: 34/34 MP: 0/0
   998 | D:2      | Found a faded altar of an unknown god.
  1375 | D:2      | 1375 ||| READING scroll of identify.
  1375 | D:2      | 1375 ||| IDENTIFYING pink potion
  1376 | D:2      | 1376 ||| READING scroll labelled LYUPPA AZAB.
  1376 | D:2      | 1376 ||| ENCHANTING +0 shortbow.
  1377 | D:2      | 1377 ||| DROPPING potion of ambrosia.
  1417 | D:3      | Reached skill level 3 in Fighting
  1727 | D:3      | 1727 ||| READING 2 scrolls of identify.
  1727 | D:3      | 1727 ||| IDENTIFYING green potion
  1728 | D:3      | 1728 ||| READING scroll of identify.
  1728 | D:3      | 1728 ||| IDENTIFYING silvery potion
  1729 | D:3      | 1729 ||| DRINKING 3 lumpy puce potions.
  1730 | D:3      | 1730 ||| DROPPING potion of brilliance.
  1761 | D:4      | Noticed an ogre
  1765 | D:4      | Slain by an ogre

Levels and vault maps discovered:
D:1:      mrwooster_arrival_arrow, layout_loops_ring, grunt_decor_clamped,
          minmay_misc_feat_square, minmay_tromino_v4_b
D:2:      layout_loops_ring, nicolae_ecumenical_snake_handling,
          chequers_serial_rivers_micro_b
D:3:      layout_rooms, serial_park_tiny_1, minmay_gold_behind_fungi
D:4:      layout_loops_cross, old_standard_altar

Skill      XL: |  1  2  3  4 |
---------------+-------------+-----
Ranged Weapons | 4 |  4.0
Armour         | 1 |  1.0
Fighting       | 3 |  3.0
Dodging        | |  2.1
Stealth        | |  0.7

Action                     |  1- 3 |  4- 6 || total
---------------------------+-------+-------++-------
   Fire: Shortbow          |    85 |    29 ||   114
    Use: Scroll            |     5 |     4 ||     9
         Potion            |     2 |     1 ||     3
 Armour: Leather armour    |     5 |       ||     5
         Ring mail         |    10 |     4 ||    14
  Dodge: Dodged            |    33 |     5 ||    38

Table legend:
 A = Non-vault XP
 B = Vault XP
 C = Vault XP percentage of total XP
 D = Non-vault monster count
 E = Vault monster count
 F = Vault count percentage of total count
                 A         B        C        D         E       F
            +---------+---------+-------+---------+---------+-------
      Total |      87 |       8 |   8.4 |      39 |       6 |  13.3
            +---------+---------+-------+---------+---------+-------
        D:1 |      39 |       4 |   9.3 |      21 |       2 |   8.7
        D:2 |      39 |       4 |   9.3 |      11 |       4 |  26.7
        D:3 |       9 |       0 |   0.0 |       7 |       0 |   0.0
            +---------+---------+-------+---------+---------+-------
